AoeStats
← geebo

Arabia

509613502Analyzed
1v1 RM · 4d ago on Sep 27, 2026· 32m 24s· 2 players
Game mode
Random Map
Map size
Tiny (2 player)
Population
200
Speed
Normal
Resources
Standard
Victory
Conquest
Starting age
Dark Age
Ending age
Imperial Age
RankedLock teamsTeams togetherTeam positionsShared explorationLock speedFull tech treeHidden civsTurbo modeCheats
Victory
Defeat
🇺🇸 Malay · United States
973
+17
🇪🇸 Mongols · Spain
985
-17
geebo
5:33 Loom
10:32 Feudal Age
10:17 Double-Bit Axe
11:37 Horse Collar
18:37 Gold Mining
20:54 Castle Age
19:32 Fletching
20:38 Heavy Plow
20:54 Bow Saw
20:50 Bodkin Arrow
20:47 Crossbowman
22:48 Wheelbarrow
21:59 Town Watch
23:59 Squires
23:44 Arson
23:20 Pikeman
24:03 Light Cavalry
25:52 Padded Archer Armor
26:32 Stone Mining
29:14 Forging
29:10 Scale Barding Armor
29:59 Husbandry
30:50 Herbal Medicine
31:24 Thumb Ring
Pedro Ángel
4:39 Loom
10:31 Feudal Age
11:21 Double-Bit Axe
12:13 Wheelbarrow
12:04 Horse Collar
19:57 Castle Age
22:13 Padded Archer Armor
22:16 Elite Skirmisher
23:32 Fletching
27:07 Pikeman
29:11 Squires
31:09 Bow Saw
34:20 Imperial Age
Connection lost

Rejoining the realm…

Still unreachable

The connection could not be restored.

Session expired

The server has moved on; the page needs a fresh start.